 Dungeon Crawl Stone Soup version 0.30-a0-368-g86fb4627a9 (webtiles) character file.

Game seed: 7784582796013524058

839 avis the Cleaver (level 8, -5/68 HPs)
             Began as a Hill Orc Monk on Nov 19, 2022.
             Was a Believer of Beogh.
             Slain by a wyvern (10 damage)
             ... on level 7 of the Dungeon.
             The game lasted 00:22:09 (5049 turns).

avis the Cleaver (Hill Orc Monk)                    Turns: 5049, Time: 00:22:10

Health: -5/68      AC: 12    Str: 13 (14) XL:     8   Next: 0%
Magic:  10/10      EV:  1    Int:  8 (10) God:    Beogh [**....]
Gold:   275        SH:  8    Dex: 21      Spells: 7/7 levels left

rFire   . . .      SeeInvis .    a - +3 war axe
rCold   . . .      Faith    .    q - +0 kite shield
rNeg    . . .      Spirit   .    h - +0 plate armour
rPois   .          Reflect  .    v - +0 helmet
rElec   .          Harm     .    (no cloak)
rCorr   +          Rampage  .    (no gloves)
Will    .....                    r - +0 pair of boots
Stlth   ..........               (no amulet)
HPRegen 0.31/turn                c - ring of resist corrosion
MPRegen 0.12/turn                j - +6 ring of dexterity

@: no status effects
A: no striking features
a: Renounce Religion, Smiting


You were on level 7 of the Dungeon.
You worshipped Beogh.
Beogh was pleased with you.
You visited 2 branches of the dungeon, and saw 9 of its levels.

You collected 275 gold pieces.

Inventory:

Hand Weapons
 a - a +3 war axe (weapon)
 b - a +1 vampiric hand axe
 t - a +0 dagger of draining
Missiles
 g - 7 javelins (quivered)
 s - 12 poisoned darts
 y - 3 boomerangs
Armour
 h - a +0 plate armour (worn)
 q - a +0 kite shield (worn)
 r - a +0 pair of boots (worn)
 v - a +0 helmet (worn)
Jewellery
 c - a ring of resist corrosion (left hand)
 j - a +6 ring of dexterity (right hand)
Scrolls
 d - 4 scrolls of teleportation
 e - a scroll of silence {unknown}
 f - 4 scrolls of enchant armour {unknown}
 m - a scroll of magic mapping {unknown}
 o - 4 scrolls of blinking {unknown}
 u - a scroll of poison {unknown}
 z - 2 scrolls of fog {unknown}
 E - a scroll of amnesia {unknown}
Potions
 i - a potion of invisibility {unknown}
 k - 2 potions of haste
 l - 2 potions of attraction {unknown}
 n - 2 potions of magic
 p - a potion of might
 w - a potion of berserk rage
 C - 3 potions of curing
 G - a potion of resistance
 J - a potion of cancellation
 M - a potion of brilliance
 Q - a potion of lignification
 R - 2 potions of flight


   Skills:
 - Level 5.0 Fighting
 + Level 11.0 Axes
 - Level 2.4 Dodging
 - Level 1.5 Stealth
 * Level 2.7 Invocations


You had 7 spell levels left.
You didn't know any spells.
Your spell library contained the following spells:

 Spells                   Type           Power      Damage    Failure   Level
 Beastly Appendage        Tmut           0%         N/A       100%        1
 Wereblood                Tmut           0%         N/A       100%        2
 Spider Form              Tmut/Pois      0%         N/A       100%        3


Dungeon Overview and Level Annotations

Branches:
Dungeon (8/15)             Temple (1/1) D:5
   Lair: D:8-11

Altars:
Ashenzari
Cheibriados
Dithmenos
Elyvilon
Fedhas
Gozag
Kikubaaqudgha
Nemelex Xobeh
Qazlal
Ru
Sif Muna
Uskayaw
Vehumet
Xom
Yredelemnul
Zin
The Shining One

Annotations:
D:5 2 transporters, indyram44's ghost, novice TrTm


Message History

t - a +0 dagger of draining
Found 15 gold pieces.
You now have 275 gold pieces (gained 15).
A wyvern comes into view.
The wyvern hisses angrily.
You barely miss the wyvern. The wyvern barely misses you. The wyvern bites you!
You hit the wyvern.
The wyvern is lightly wounded.
The wyvern bites you but does no damage.
You block the wyvern's attack.
You barely miss the wyvern.
The wyvern is lightly wounded.
You hear the faint creaking of a very distant portcullis.
The wyvern bites you but does no damage.
You barely miss the wyvern.
The wyvern is lightly wounded.
The wyvern bites you! The wyvern bites you.
You hit the wyvern.
The wyvern is moderately wounded.
You block the wyvern's attack.
The wyvern bites you but does no damage.
You hit the wyvern.
The wyvern is moderately wounded.
The wyvern bites you!
You slash the wyvern!
The wyvern is almost dead.
The wyvern bites you!
* * * LOW HITPOINT WARNING * * *
The wyvern bites you but does no damage.
You barely miss the wyvern.
The wyvern is almost dead.
The wyvern bites you but does no damage.
The wyvern bites you.
* * * LOW HITPOINT WARNING * * *
You barely miss the wyvern.
The wyvern is almost dead.
The wyvern bites you!
* * * LOW HITPOINT WARNING * * *
The wyvern bites you!
You die...

#############
#...........#
##
#.#########.#
. #.# #.#.#
#.# ###.#.##
#.#
#......#...
#.#
####..@....#
#.#
#.....l..#.#
#.#
#.##.......#
#.#
#.##......#...
#.#
#.####.##.# ..
#.# #)####.#
.# #
#.####......#
.#
#......<>...#
###########.#


You could see a wyvern.

Vanquished Creatures
  2 necrophages
  2 bullfrogs
  A howler monkey (D:4)
  A jelly (D:5)
  An orc priest (D:5)
  A gnoll bouda (D:3)
  Jessica (D:3)
  4 iguanas
  5 orc wizards
  6 gnolls
  4 adders
  A white imp (D:5)
  2 ufetubi (D:4)
  A worm (D:3)
  2 dart slugs
  10 orcs
  8 bats
  12 endoplasms
  3 giant cockroaches
  4 goblins
  3 hobgoblins
  3 jackals (D:3)
  5 kobolds
  7 quokkas
  5 ball pythons
  A frilled lizard (D:2)
  7 rats
102 creatures vanquished.

Notes
Turn   | Place    | Note
-------+----------+-------------------------------------------
     0 | D:1      | avis the Hill Orc Monk began the quest for the Orb.
     0 | D:1      | Reached XP level 1. HP: 19/19 MP: 1/1
   351 | D:1      | Reached XP level 2. HP: 26/26 MP: 2/2
   469 | D:1      | Reached skill level 5 in Axes
   604 | D:1      | Found a faded altar of an unknown god.
   750 | D:1      | Reached XP level 3. HP: 31/31 MP: 3/3
  1226 | D:2      | Reached skill level 6 in Axes
  1305 | D:2      | Reached XP level 4. HP: 39/39 MP: 4/4
  1469 | D:2      | Reached skill level 7 in Axes
  1554 | D:2      | Reached XP level 5. HP: 41/45 MP: 5/5
  1846 | D:3      | Noticed Jessica
  1864 | D:3      | Killed Jessica
  1865 | D:3      | Reached skill level 8 in Axes
  1978 | D:3      | Reached XP level 6. HP: 44/51 MP: 6/6
  2517 | D:3      | Found a shimmering blue altar of Sif Muna.
  2674 | D:4      | Reached skill level 9 in Axes
  2813 | D:3      | Reached skill level 10 in Axes
  2813 | D:3      | Reached XP level 7. HP: 6/57 MP: 7/7
  2817 | D:3      | HP: 4/85 [poisoned by a gnoll bouda]
  3172 | D:4      | Became a worshipper of Beogh the Brigand
  3172 | D:4      | Reached * piety under Beogh
  3172 | D:4      | Reached ** piety under Beogh
  3775 | D:5      | Entered Level 5 of the Dungeon
  3871 | D:5      | Found a transporter.
  3873 | D:5      | Found a staircase to the Ecumenical Temple.
  3875 | D:5      | Noticed indyram44's ghost (novice TrTm)
  3894 | Temple   | Entered the Ecumenical Temple
  3894 | Temple   | Found a transporter.
  3894 | Temple   | Found a transporter.
  3896 | Temple   | Found a transporter.
  3896 | Temple   | Found a transporter.
  4064 | D:5      | Reached skill level 5 in Fighting
  4116 | D:5      | Found a sacrificial altar of Ru.
  4241 | D:5      | Found a broken altar of Ashenzari.
  4249 | D:5      | Found a transporter.
  4369 | D:5      | Found a glowing golden altar of the Shining One.
  4975 | D:6      | You fall into a shaft and drop 2 floors!
  4987 | D:8      | Reached skill level 1 in Invocations
  5010 | D:7      | Reached skill level 11 in Axes
  5010 | D:7      | Reached XP level 8. HP: 47/68 MP: 8/10
  5038 | D:7      | Noticed a wyvern
  5049 | D:7      | Slain by a wyvern

Illustrated notes

Levels and vault maps discovered:
D:1:      lemuel_arrival_hallway, layout_basic, ebering_ecumenical_altar_mist
D:2:      layout_rooms, hangedman_decor_peaks_small, kennysheep_generic_room_9
D:3:      layout_basic, lemuel_blue_sif_altar, uniq_jessica
D:4:      layout_cave_pods
D:5:      layout_cave_pods, mainiacjoe_overflow_surrounded_room,
          lemuel_round_altar, ashenzari_altar_1,
          minmay_temple_entry_proselytizer, gammafunk_ghost_stat_death,
          chequers_jeans
D:6:      minmay_recursive_quarters, layout_loops_corners,
          nicolae_overflow_crystal_walls
D:7:      layout_loops_ring, enter_bailey_3, serial_shops,
          nicolae_shop_hallway_stairs, minivault_26, uniq_maggie
D:8:      layout_gridville, uniq_maurice
Temple:   hellmonk_temple_divided_pantheon

Skill      XL: |  1  2  3  4  5  6  7 |
---------------+----------------------+-----
Axes           | 5 6 7 8 10 11 | 11.0
Fighting       | 5 |  5.0
Invocations    | 2 |  2.7
Dodging        | |  2.4
Stealth        | |  1.5

Action                   |  1- 3 |  4- 6 |  7- 9 || total
-------------------------+-------+-------+-------++-------
Melee: Hand axe          |    18 |       |       ||    18
       Whip              |    61 |    95 |       ||   156
       War axe           |       |    27 |    88 ||   115
Invok: Convert to Beogh  |       |       |     1 ||     1
  Use: Potion            |       |     1 |     3 ||     4
       Scroll            |       |       |     8 ||     8
Armor: Leather armour    |     4 |       |       ||     4
       Plate armour      |    40 |   123 |    48 ||   211
Dodge: Dodged            |    16 |    17 |     2 ||    35
Block: Kite shield       |     8 |    29 |    41 ||    78

Table legend: (Time is in decaauts)
 A = Elapsed time spent in this place.
 B = Non-inter-level travel time spent in this place.
 C = Inter-level travel time spent in this place.
 D = Time resting spent in this place.
 E = Time spent auto-exploring this place.
 F = Levels seen in this place.
 G = Mean time per level.
                   A        B        C        D        E       F      G
               +--------+--------+--------+--------+--------+-----+--------+
         Total |   5104 |   4449 |    655 |    481 |   2666 |   9 |  567.1 |
       Dungeon |   5017 |   4362 |    655 |    481 |   2666 |   8 |  627.1 |
        Temple |     86 |     86 |      0 |      0 |      0 |   1 |   86.0 |
               +--------+--------+--------+--------+--------+-----+--------+

Top non-repeatable levels by time:
     D:3: 1236 daAuts
     D:1: 1082 daAuts
     D:5: 1062 daAuts
     D:4: 934 daAuts
     D:2: 619 daAuts
  Temple: 86 daAuts
     D:7: 56 daAuts
     D:8: 20 daAuts
     D:6: 5 daAuts
